 Dungeon Crawl Stone Soup version 0.27-a0-705-ga0013940fb (webtiles) character file.

Game seed: 11318407779890272042

28 robertstho the Covered (level 3, 0/23 HPs)
             Began as a Gargoyle Fighter on Mar 22, 2021.
             Killed by divine providence
             ... invoked by an orc priest
              (12 damage)
             ... on level 2 of the Dungeon.
             The game lasted 00:00:40 (843 turns).

robertstho the Covered (Gargoyle Fighter)            Turns: 843, Time: 00:00:40

Health: 0/23       AC: 10    Str: 19    XL:     3   Next: 12%
Magic:  3/3        EV:  7    Int:  8    God:
Gold:   57         SH:  9    Dex: 10    Spells: 2/2 levels left

rFire    . . .     SeeInvis .   a - +0 flail
rCold    . . .     Faith    .   c - +0 kite shield
rNeg     + . .     Spirit   .   b - +0 scale mail
rPois    ∞         Reflect  .   (no helmet)
rElec    +         Harm     .   (no cloak)
rCorr    .         Rampage  .   (no gloves)
Will     .....                  (no boots)
Stlth    ..........             (no amulet)
HPRegen  0.07/turn              (no ring)
MPRegen  0.08/turn              (no ring)

@: no status effects
A: AC +3, negative energy resistance 1, electricity resistance, torment
resistance 1, unbreathing 1, petrification resistance
a: no special abilities


You were on level 2 of the Dungeon.
You visited 1 branch of the dungeon, and saw 2 of its levels.

You collected 57 gold pieces.

Inventory:

Hand Weapons
 a - a +0 flail (weapon)
Armour
 b - a +0 scale mail (worn)
 c - a +0 kite shield (worn)
Jewellery
 j - a ring of positive energy
Scrolls
 h - a scroll of fog {unknown}
 k - a scroll of blinking {unknown}
 l - a scroll of magic mapping {unknown}
 m - a scroll of fear {unknown}
Potions
 d - a potion of might
 f - a potion of curing
 g - a potion of attraction {unknown}
 i - a potion of mutation {unknown}


   Skills:
 * Level 3.6 Fighting
 + Level 2.1 Maces & Flails
 * Level 4.1 Armour
 + Level 3.4 Shields


You had 2 spell levels left.
You didn't know any spells.
Your spell library contained the following spells:

 Spells                   Type           Power      Damage    Failure   Level
 Magic Dart               Conj           0%         1d3       99%         1
 Blink                    Tloc           N/A        N/A       100%        2
 Call Imp                 Summ           0%         N/A       100%        2
 Slow                     Hex            0%         N/A       100%        2
 Conjure Flame            Conj/Fire      0%         6-21      100%        3
 Mephitic Cloud           Conj/Pois/Air  0%         N/A       100%        3


Dungeon Overview and Level Annotations

Branches:
Dungeon (2/15)

Altars:


Innate Abilities, Weirdness & Mutations

Your stone body is resilient. (AC +3)
You are immune to poison.
You resist negative energy. (rN+)
You are resistant to electric shocks. (rElec)
You are resistant to unholy torment.
You can survive without breathing.
You are immune to petrification.


Message History

Increase (S)trength, (I)ntelligence, or (D)exterity?
You feel agile.
m - a scroll labelled LESET YGEZ An orc comes into view.
It is wielding a +0 hand axe.
The orc shouts!
You hear a shout!
An orc comes into view. It is wielding a +1 flail of pain.
There are monsters nearby!
There are monsters nearby!
There are monsters nearby!
There are monsters nearby! 2 orcs come into view.
An orc is wielding a +2 hand axe of electrocution.
The orc shouts! x2; You hear a shout!
An orc priest comes into view. It is wielding a +0 mace.
An orc wizard comes into view. It is wielding a +0 dagger.
An orc priest comes into view. It is wielding a +0 dagger.
The orc priest shouts!
The orc wizard gestures at itself while chanting.
The orc wizard flickers and vanishes!
Deactivating autopickup; reactivate with Ctrl-A.
You closely miss the orc. You hit the orc.
The orc is severely wounded.
You block the orc's attack. x2; The orc hits you with a +0 hand axe.
You sock the orc!
You kill the orc!
You hear some strange, mumbled words.
Something tries to affect you, but you resist.
The orc hits you with a +2 hand axe of electrocution.
You block the orc's attack. The orc hits you but does no damage.
The orc hits you with a +1 flail of pain.
The orc closely misses you.
As you read the scroll labelled APYIHOI WEGI, it crumbles to dust.
It is a scroll of identify.
f - a potion of curing The orc barely misses you.
The orc hits you but does no damage. x2
The orc priest calls down the wrath of Beogh upon you.
Beogh smites you!
Ouch! That really hurt!
You die...

#.. #.##.## ##..
.....# ... ##....#
#.##.....## ####
#.........##...
#####.........#.#####
#.....................
#....<........oo.#...#
#.....†.......@.......
#.)†........#.ooo.....
#.....................
#.......#....!...#...#
#.......####.##.......
######### #.# .######
#.# .. #. ###


You could see 2 orc priests and 3 orcs.

Vanquished Creatures
  A dart slug (D:2)
  An orc (D:2)
  4 ball pythons
  2 goblins (D:1)
  A hobgoblin (D:2)
  3 oozes (D:1)
  2 quokkas (D:1)
  3 bats (D:1)
  A frilled lizard (D:2)
  5 rats (D:1)
23 creatures vanquished.

Notes
Turn   | Place    | Note
-------+----------+-------------------------------------------
     0 | D:1      | robertstho the Gargoyle Fighter began the quest for the
                  | Orb.
     0 | D:1      | Reached XP level 1. HP: 14/14 MP: 1/1
   119 | D:1      | Reached XP level 2. HP: 19/19 MP: 2/2
   829 | D:2      | Reached skill level 4 in Armour
   829 | D:2      | Reached XP level 3. HP: 23/23 MP: 3/3
   843 | D:2      | Killed from afar by an orc priest

Illustrated notes

Levels and vault maps discovered:
D:1:      matt_arrival_grand_opening, layout_basic
D:2:      cheibrodos_pilgrimage, layout_loops_cross, serial_shops, shop, shop,
          nicolae_shop_temple_entry_statues_fountains, uniq_terence

Skill      XL: |  1  2 |
---------------+-------+-----
Armour         | 4 |  4.1
Fighting       | |  3.6
Maces & Flails | |  2.1
Shields        | |  3.4

Action                   || total
-------------------------++-------
Melee: Flail             ||    59
  Use: Scroll            ||     1
Armor: Scale mail        ||    28
Dodge: Dodged            ||    25
Block: Kite shield       ||    29

Table legend: (Time is in decaauts)
 A = Elapsed time spent in this place.
 B = Non-inter-level travel time spent in this place.
 C = Inter-level travel time spent in this place.
 D = Time resting spent in this place.
 E = Time spent auto-exploring this place.
 F = Levels seen in this place.
 G = Mean time per level.
                   A        B        C        D        E       F      G
               +--------+--------+--------+--------+--------+-----+--------+
         Total |    874 |    869 |      5 |      0 |    737 |   2 |  437.0 |
       Dungeon |    874 |    869 |      5 |      0 |    737 |   2 |  437.0 |
               +--------+--------+--------+--------+--------+-----+--------+

Top non-repeatable levels by time:
     D:1: 842 daAuts
     D:2: 31 daAuts
